 Dungeon Crawl Stone Soup version 0.27-a0-1301-g128193abf8 (webtiles) character file.

Game seed: 6965896750529538656

823 mordus the Poker (level 7, 0/57 HPs)
             Began as a Minotaur Fighter on June 17, 2021.
             Slain by an iguana (11 damage)
             ... on level 5 of the Dungeon.
             The game lasted 00:08:17 (4206 turns).

mordus the Poker (Minotaur Fighter)                 Turns: 4206, Time: 00:08:18

Health: 0/57       AC:  8    Str: 22    XL:     7   Next: 64%
Magic:  6/6        EV:  9    Int:  5    God:
Gold:   155        SH:  0    Dex: 10    Spells: 6/6 levels left

rFire    . . .     SeeInvis .   a - +0 trident
rCold    + . .     Faith    .   i - +0 buckler of Insurance {rC+}
rNeg     . . .     Spirit   .   b - +0 scale mail
rPois    .         Reflect  .   (helmet restricted)
rElec    .         Harm     .   q - scarf {shadows}
rCorr    .         Rampage  .   g - +0 pair of gloves
Will     .....                  (no boots)
Stlth    ..........             (no amulet)
HPRegen  0.19/turn              (no ring)
MPRegen  0.10/turn              (no ring)

@: confused
A: horns 2, retaliatory headbutt
a: no special abilities


You were on level 5 of the Dungeon.
You visited 1 branch of the dungeon, and saw 5 of its levels.

You collected 155 gold pieces.

Inventory:

Hand Weapons
 a - a +0 trident (weapon)
 e - the +10 hand crossbow of Waas {venom, Dex+8}
   (You acquired it on level 3 of the Dungeon)

   It poisons the ammo it fires.
   It affects your dexterity (+8).
Armour
 b - a +0 scale mail (worn)
 c - a +0 kite shield
 g - a +0 pair of gloves (worn)
 h - a +2 leather armour of cold resistance
 i - the +0 buckler of Insurance (worn) {rC+}
   (You found it on level 4 of the Dungeon)

   It protects you from cold.
 q - a scarf of shadows (worn)
Jewellery
 m - a ring of see invisible
Wands
 o - a wand of polymorph (17)
Scrolls
 n - a scroll of identify
 p - 2 scrolls of teleportation
Potions
 d - a potion of might
 f - a potion of lignification {unknown}
 j - 2 potions of haste {unknown}
 k - 2 potions of magic {unknown}
 l - 2 potions of ambrosia {unknown}
 r - a potion of heal wounds {unknown}
 s - a potion of flight {unknown}


   Skills:
 - Level 3.6 Fighting
 * Level 7.7 Polearms
 + Level 6.3 Armour
 + Level 6.2 Shields


You had 6 spell levels left.
You didn't know any spells.
Your spell library contained the following spells:

 Spells                   Type           Power      Damage    Failure   Level
 Animate Skeleton         Necr           0%         N/A       78%         1
 Pain                     Necr           0%         1d4       78%         1
 Vampiric Draining        Necr           0%         2d6       98%         3
 Animate Dead             Necr           0%         N/A       100%        4
 Agony                    Necr           0%         N/A       100%        5


Dungeon Overview and Level Annotations

Branches:
Dungeon (5/15)
 Temple: D:4-7

Altars:
Ashenzari
Cheibriados
Hepliaklqana
Kikubaaqudgha
Qazlal
Trog
Wu Jian
Xom

Annotations:
D:4 3 runed translucent doors, atabob's ghost, amateur TrBe


Innate Abilities, Weirdness & Mutations

You have a pair of horns on your head.
You reflexively headbutt those who attack you in melee.


Message History

The orc hits you from afar with a +0 trident.
There are monsters nearby!
You reach to attack!
You puncture the orc!
You kill the orc!
You reach to attack!
You barely miss the orc priest.
The orc priest looks satisfied for a moment.
You closely miss the orc wizard. You headbutt the orc wizard.
The orc wizard is moderately wounded.
The orc priest calls upon Beogh to heal the orc wizard.
The orc wizard's wounds heal themselves!
The orc wizard barely misses you.
You completely miss the orc wizard.
The orc priest invokes the aid of Beogh against you.
Beogh smites you!
The orc wizard points at you and mumbles some strange words.
The puff of flame hits you.
You closely miss the orc wizard. The iguana bites you.
The orc wizard completely misses you.
You hit the orc priest but do no damage.
The orc priest calls down the wrath of Beogh upon you.
Beogh smites you!
The iguana bites you but does no damage.
The orc wizard hits you but does no damage.
You are too injured to fight recklessly!
You are too injured to fight recklessly!
You closely miss the orc priest.
The orc priest hits you but does no damage.
You block the iguana's attack. The orc wizard casts a spell at you.
You are confused.
You puncture the orc priest! Your headbutt misses the orc priest.
The orc priest is heavily wounded.
The orc priest hits you with a +0 club. The iguana bites you!
* * * LOW HITPOINT WARNING * * *
The orc wizard hits you with a +0 dagger.
* * * LOW HITPOINT WARNING * * *
You puncture the orc priest!
You kill the orc priest!
The iguana bites you!
You die...

#...........# #...........#
#...........# #...........#
##'######..###### ## #
#....####'##..#.##.#..
#.............).......
#...............).....
#..............@o)....
#...............l)....
#.....................
#......###...#########+##+######
######## #...##...#.............
+....#...#.............
#....#...#.............
#....#...#............<
#...##...#.............


You could see an iguana and an orc wizard.

Vanquished Creatures
  Grinder (D:3)
  Eustachio (D:4)
  A wyvern (D:5)
  A scorpion (D:4)
  A howler monkey (D:4)
  A hound (D:5)
  An orc priest (D:5)
  An iguana (D:4)
  A scorpion zombie (D:5)
  An orc wizard (D:5)
  3 gnolls (D:5)
  3 adders
  A white imp (D:5)
  An adder skeleton (D:4)
  A worm (D:2)
  4 dart slugs
  8 orcs
  5 ball pythons
  2 endoplasms (D:2)
  2 giant cockroaches
  8 hobgoblins
  5 jackals
  A quokka (D:4)
  5 bats
  5 frilled lizards
  5 goblins
  6 kobolds
  2 rats (D:1)
77 creatures vanquished.

Notes
Turn   | Place    | Note
-------+----------+-------------------------------------------
     0 | D:1      | mordus the Minotaur Fighter began the quest for the Orb.
     0 | D:1      | Reached XP level 1. HP: 19/19 MP: 0/0
   199 | D:1      | Reached XP level 2. HP: 26/26 MP: 1/1
   237 | D:1      | Reached skill level 3 in Polearms
   963 | D:2      | Reached XP level 3. HP: 19/31 MP: 2/2
  1660 | D:3      | Noticed Grinder
  1663 | D:3      | Paralysed by Grinder for 2 turns
  1667 | D:3      | Killed Grinder
  1668 | D:3      | Reached skill level 5 in Polearms
  1668 | D:3      | Reached skill level 5 in Armour
  1668 | D:3      | Reached skill level 5 in Shields
  1668 | D:3      | Reached XP level 4. HP: 35/39 MP: 3/3
  1668 | D:3      | Reached XP level 5. HP: 40/45 MP: 4/4
  1730 | D:3      | Found a broken altar of Ashenzari.
  1768 | D:3      | Found a hazy altar of Hepliaklqana.
  2198 | D:3      | Found a bloodstained altar of Trog.
  2210 | D:3      | Reached XP level 6. HP: 51/51 MP: 5/5
  2291 | D:3      | Found an ornate altar of the Wu Jian Council.
  2307 | D:3      | Identified a scroll of acquirement
  2307 | D:3      | Acquired the +10 hand crossbow of Waas {venom, Dex+8}
  2363 | D:4      | Found a runed translucent gate.
  2363 | D:4      | Found a runed translucent gate.
  2363 | D:4      | Found a runed translucent gate.
  2367 | D:4      | Noticed atabob's ghost (amateur TrBe)
  2452 | D:4      | Noticed Eustachio
  2474 | D:4      | Killed Eustachio
  2475 | D:4      | Reached skill level 6 in Polearms
  2491 | D:4      | Found a shimmering altar of Xom.
  3096 | D:4      | Identified the +0 buckler of Insurance {rC+}
  3165 | D:4      | Reached XP level 7. HP: 57/57 MP: 6/6
  3250 | D:4      | Found a snail-covered altar of Cheibriados.
  3395 | D:5      | Entered Level 5 of the Dungeon
  3507 | D:5      | Noticed a wyvern
  3515 | D:5      | Killed a wyvern
  3516 | D:5      | Reached skill level 7 in Polearms
  3864 | D:5      | Found an ancient bone altar of Kikubaaqudgha.
  3921 | D:5      | Found a stormy altar of Qazlal.
  4206 | D:5      | Slain by an iguana

Illustrated notes

Levels and vault maps discovered:
D:1:      lordsloth_arrival_two_stooges, layout_loops_ring, minmay_bisected
D:2:      layout_loops_cross
D:3:      layout_loops_ring, nicolae_wu_jian_glorious_leap, ashenzari_altar_1,
          trog_hazing_becter, general_overflow_altar,
          minmay_misc_feat_secret_circle, uniq_grinder
D:4:      layout_loops_ring, lemuel_crystal_altar, cheibriados_altar_1,
          ebering_ghost_rock_garden, hangedman_decor_opposing,
          hangedman_decor_push, minmay_liquid_box, uniq_eustachio
D:5:      layout_gridville, nicolae_qazlal_scattered_showers, tgw_kikubaaqudgha

Skill      XL: |  1  2  3  4  5  6  7 |
---------------+----------------------+-----
Polearms       | 3 5 6 7 |  7.7
Armour         | 4 5 6 |  6.3
Shields        | 4 5 6 |  6.2
Fighting       | |  3.6

Action                   |  1- 3 |  4- 6 |  7- 9 || total
-------------------------+-------+-------+-------++-------
Melee: Trident           |   107 |    89 |    61 ||   257
       Headbutt          |    12 |    10 |     9 ||    31
  Use: Scroll            |       |     6 |     1 ||     7
Armor: Scale mail        |    31 |    42 |    19 ||    92
Dodge: Dodged            |    28 |    23 |    13 ||    64
Block: Kite shield       |    38 |    48 |       ||    86
       Buckler           |       |     1 |    10 ||    11

Table legend: (Time is in decaauts)
 A = Elapsed time spent in this place.
 B = Non-inter-level travel time spent in this place.
 C = Inter-level travel time spent in this place.
 D = Time resting spent in this place.
 E = Time spent auto-exploring this place.
 F = Levels seen in this place.
 G = Mean time per level.
                   A        B        C        D        E       F      G
               +--------+--------+--------+--------+--------+-----+--------+
         Total |   4261 |   4154 |    107 |    446 |   3125 |   5 |  852.2 |
       Dungeon |   4261 |   4154 |    107 |    446 |   3125 |   5 |  852.2 |
               +--------+--------+--------+--------+--------+-----+--------+

Top non-repeatable levels by time:
     D:4: 1045 daAuts
     D:2: 907 daAuts
     D:5: 807 daAuts
     D:1: 782 daAuts
     D:3: 718 daAuts
